 Dungeon Crawl Stone Soup version 0.19-a0-1626-g5215c36 (webtiles) character file.

60827 Alarkh the Carver (level 14, -1/105 HPs)
             Began as a Mummy Necromancer on Sept 18, 2016.
             Was the Champion of Okawaru.
             Slain by a sun demon (23 damage)
             ... summoned by an orc high priest
             ... on level 2 of the Orcish Mines.
             The game lasted 00:48:12 (20270 turns).

Alarkh the Carver (Mummy Necromancer)              Turns: 20270, Time: 00:48:13

Health: -1/105     AC: 26    Str: 11    XL:     14   Next: 58%
Magic:  22/25      EV: 18    Int: 19    God:    Okawaru [******]
Gold:   895        SH:  0    Dex: 16    Spells: 6 memorised, 3 levels left

rFire  x . .     SeeInvis .     a - +1 demon blade (flame)
rCold  + + .     Gourm    .     P - +5 ring mail of the Grue {rElec rPois rC+}
rNeg   + + +     Faith    +     K - +0 buckler
rPois  ∞         Spirit   .     b - +2 helmet
rElec  +         Dismiss  .     l - +2 cloak {rPois}
rCorr  .         Reflect  .     Q - +2 pair of gloves {Dex+3}
MR     +....     Harm     .     (no boots)
Stlth  +.........               m - amulet of faith
                                D - +4 ring of evasion
                                d - +5 ring of protection

@: confused
A: no food or potions, fire vulnerability, cold resistance 1, negative energy
resistance 3, torment resistance, unbreathing, in touch with death 1
a: Heroism, Finesse, Renounce Religion


You were on level 2 of the Orcish Mines.
You worshipped Okawaru.
Okawaru was exalted by your worship.
You were not hungry.

You visited 4 branches of the dungeon, and saw 20 of its levels.
You also visited: Ice Cave.

You collected 1614 gold pieces.
You spent 719 gold pieces at shops.

Inventory:

Hand Weapons
 a - a +1 demon blade of flaming (weapon)
Missiles
 v - 6 throwing nets (quivered)
Armour
 b - a +2 helmet (worn)
 l - a +2 cloak of poison resistance (worn)
 K - a +0 buckler (worn)
 P - the +5 ring mail of the Grue (worn) {rElec rPois rC+}
   (You found it on level 6 of the Lair of Beasts)

   It protects you from cold.
   It insulates you from electricity.
   It protects you from poison.
 Q - a +2 pair of gloves of dexterity (worn)
Jewellery
 d - a +5 ring of protection (left hand)
 e - an uncursed amulet of magic regeneration {unknown}
 m - an amulet of faith (around neck)
 D - a +4 ring of evasion (right hand)
 I - an uncursed ring of teleportation
 W - the amulet of Jizajong {+Rage rF+ Int+3, unknown}
   (You found it on level 6 of the Lair of Beasts)

   [amulet of rage]

   It affects your intelligence (+3).
   It protects you from fire.
   It lets you go berserk.
Wands
 n - a wand of heal wounds (4/9)
 q - a wand of hasting (3/9)
 E - a wand of iceblast (9/15)
 F - a wand of teleportation (4/9)
Scrolls
 c - 2 scrolls of magic mapping
 g - 2 scrolls of recharging
 i - 2 scrolls of fog
 j - a scroll of blinking
 k - 14 scrolls of remove curse
 o - 2 scrolls of teleportation
 C - a scroll of brand weapon {unknown}
 N - a scroll of summoning
 V - a scroll of enchant weapon {unknown}
Miscellaneous
 L - a phial of floods
 O - a box of beasts


   Skills:
 + Level 8.0 Fighting
 * Level 13.2 Long Blades
 + Level 6.4 Armour
 + Level 6.9 Dodging
 + Level 4.2 Stealth
 + Level 5.8 Shields
 + Level 7.9 Spellcasting
 + Level 4.0 Conjurations
 + Level 9.3 Necromancy
 + Level 3.5 Invocations


You had 3 spell levels left.
You knew the following spells:

 Your Spells              Type           Power        Failure   Level  Hunger
a - Vampiric Draining     Necr           ######....   1%          3    N/A
b - Pain                  Necr           ####         1%          1    N/A
c - Control Undead        Necr           ######....   6%          4    N/A
d - Dispel Undead         Necr           ######..     14%         5    N/A
e - Bolt of Draining      Conj/Necr      #####.....   38%         5    N/A
f - Haunt                 Necr/Summ      #####.....   100%        7    N/A

Dungeon Overview and Level Annotations

Branches:
Dungeon (11/15)            Temple (1/1) D:7            Lair (6/6) D:11
 Shoals (0/4) Lair:4       Spider (0/4) Lair:3        Slime (0/5) Lair:5
    Orc (2/2) D:10
    Elf: Orc:2

Altars:
Ashenzari
Cheibriados
Dithmenos
Elyvilon
Fedhas
Gozag
Hepliaklqana
Kikubaaqudgha
Makhleb
Nemelex Xobeh
Okawaru
Qazlal
Ru
Sif Muna
Trog
Uskayaw
Vehumet
Xom
Yredelemnul
Zin
The Shining One
Jiyva

Shops:
D:4 [

Portals:
Trove: D:11 (give +4 demon trident)

Annotations:
Orc:2 exclusion: upstairs


Innate Abilities, Weirdness & Mutations

You do not eat or drink.
Your flesh is vulnerable to fire.
You are immune to poison.
Your flesh is cold resistant. (rC+)
You are immune to negative energy. (rN+++)
You are immune to unholy pain and torment.
You can survive without breathing.
You are in touch with the powers of death.


Message History

The chaos spawn is lightly wounded.
The sun demon closely misses you. The orc barely misses you.
The chaos spawn gores you.
You are engulfed in flames!
The fire burns you terribly!
* * * LOW HITPOINT WARNING * * *
Something hits you but does no damage. The orc wizard misses you.
The orc high priest hits you but does no damage.
The orc priest calls down the wrath of Beogh upon you.
You easily resist.
Unknown command.
You closely miss the orc. The sun demon closely misses you.
The sun demon barely misses you. Something barely misses you.
The chaos spawn barely misses you. The orc misses you.
You barely miss the orc priest.
The orc priest is moderately wounded.
The orc priest hits you but does no damage.
The orc wizard barely misses you.
The orc high priest prays to Beogh.
The orc high priest is healed somewhat.
The sun demon hits you!!
You die...

.............
.#.............
..#............
.#...#..........
..#.......#.$....
.........#.#.....
......{oo........
.......o@o........
.......343........
..................
..#.#.............
..............$...
.........#.........
....................
....................
#....................


You could see an orc high priest, 2 sun demons, a chaos spawn, an orc priest, an
orc wizard and an orc.

Vanquished Creatures
  A frost giant (IceCv)
  Nessos (Lair:5)
  Josephine (D:9)
  Erolcha (D:9)
  Fannar (Lair:1)
  4 hydras
  A vault guard (D:11)
  Erica (D:8)
  A catoblepas (Lair:3)
  An orc high priest (Orc:1)
  Nergalle (Lair:4)
  5 hill giants
  2 lindwurms (Lair:3)
  An orc knight (Orc:1)
  An orc sorcerer (D:10)
  Joseph (D:8)
  2 black mambas
  A centaur skeleton (D:11)
  8 spiny frogs
  4 rime drakes
  4 komodo dragons
  2 ice devils (Lair:2)
  25 polar bears
  A jumping spider (Lair:3)
  A troll (D:10)
  3 two-headed ogres
  A queen bee (D:11)
  10 blink frogs
  A boulder beetle (Lair:6)
  Prince Ribbit (D:7)
  11 dream sheep (Lair:5)
  A snapping turtle (Lair:4)
  5 hippogriffs
  A redback (Lair:6)
  13 spriggans
  7 wraiths
  A basilisk (Lair:6)
  47 yaks
  A wyvern (Lair:3)
  A hungry ghost (D:8)
  Grum (D:8)
  A vampire mosquito (D:11)
  5 wargs
  20 water moccasins
  2 hell hounds (D:11)
  7 porcupines
  10 orc warriors
  3 black bears
  2 eyes of draining
  2 ice beasts
  7 sky beasts
  2 necrophages (D:11)
  4 phantoms
  7 wasps
  9 ogres
  4 boggarts
  39 wolves
  6 centaurs
  10 crocodiles
  4 big kobolds
  11 bullfrogs
  2 scorpions
  42 killer bees
  10 wights
  5 howler monkeys
  3 crimson imps
  3 bullfrog zombies
  2 wasp zombies
  A quasit (D:10)
  A gnoll shaman (D:7)
  6 hounds
  7 orc priests
  3 jellies
  13 orc wizards
  6 iguanas
  12 worker ants
  7 hell rats (Lair:3)
  A killer bee zombie (D:8)
  2 hound zombies (D:9)
  The ghost of jacquesderrida the Charmwright, a weakling VSSk (D:4)
  A hound skeleton (D:10)
  A worker ant zombie (D:10)
  12 adders
  13 gnolls
  60 river rats
  4 shadow imps
  2 oozes
  An adder skeleton (D:5)
  2 worms
  3 dart slugs
  4 leopard geckos
  47 orcs
  A ball python (D:3)
  6 bats
  3 giant cockroaches
  7 goblins
  8 hobgoblins
  4 jackals
  6 quokkas
  A frilled lizard (D:4)
  A giant cockroach zombie (D:5)
  20 kobolds
  5 rats
671 creatures vanquished.

Vanquished Creatures (others)
  A polar bear (IceCv)
  7 fungi
  8 plants (D:10)
  7 toadstools (Lair:3)
23 creatures vanquished.

Grand Total: 694 creatures vanquished

Notes
Turn   | Place    | Note
-------+----------+-------------------------------------------
     0 | D:1      | Alarkh the Mummy Necromancer began the quest for the Orb.
     0 | D:1      | Reached XP level 1. HP: 13/13 MP: 3/3
   176 | D:1      | Reached XP level 2. HP: 19/19 MP: 0/5
   658 | D:1      | Reached XP level 3. HP: 20/24 MP: 2/7
   720 | D:2      | Learned a level 3 spell: Vampiric Draining
   845 | D:2      | Found a basalt altar of Yredelemnul.
   931 | D:2      | Found an opulent altar of Gozag.
  1451 | D:3      | Reached XP level 4. HP: 30/30 MP: 3/8
  1539 | D:3      | Reached skill level 1 in Long Blades
  2064 | D:4      | Noticed jacquesderrida's ghost (weakling VSSk)
  2076 | D:3      | Learned a level 4 spell: Control Undead
  2123 | D:4      | Found Kymu's Antique Armour Shoppe.
  2130 | D:4      | Reached skill level 5 in Necromancy
  2130 | D:4      | Reached XP level 5. HP: 26/35 MP: 1/10
  2136 | D:4      | Bought an embroidered cloak for 99 gold pieces
  2202 | D:4      | Found a bloodstained altar of Trog.
  2308 | D:3      | Reached skill level 2 in Long Blades
  2393 | D:4      | Reached XP level 6. HP: 34/41 MP: 1/11
  2479 | D:4      | Found a sacrificial altar of Ru.
  2479 | D:4      | Found a shimmering altar of Xom.
  2506 | D:5      | Entered Level 5 of the Dungeon
  2517 | D:4      | Killed jacquesderrida's ghost
  2854 | D:5      | Noticed a sky beast
  2871 | D:5      | Killed a sky beast
  2871 | D:5      | Reached skill level 3 in Long Blades
  3004 | D:5      | Noticed a sky beast
  3014 | D:5      | Killed a sky beast
  3014 | D:5      | Reached XP level 7. HP: 33/46 MP: 5/13
  3565 | D:5      | Reached skill level 4 in Long Blades
  3841 | D:6      | Found a glowing golden altar of the Shining One.
  3951 | D:6      | Reached skill level 5 in Spellcasting
  4001 | D:6      | Reached XP level 8. HP: 39/52 MP: 9/15
  4114 | D:6      | Found a sparkling altar of Nemelex Xobeh.
  4281 | D:6      | Reached skill level 5 in Long Blades
  4812 | D:7      | Reached skill level 6 in Long Blades
  4911 | D:7      | Got a smoking mace
  4912 | D:7      | Identified the +9 mace of Expedience {crush, MP+9} (You found it on level 7 of the Dungeon)
  4925 | D:7      | Found a staircase to the Ecumenical Temple.
  4934 | Temple   | Entered the Ecumenical Temple
  5018 | Temple   | Became a worshipper of Warmaster Okawaru
  5126 | D:7      | Reached XP level 9. HP: 35/57 MP: 10/18
  5405 | D:7      | Noticed Prince Ribbit
  5417 | D:7      | Killed Prince Ribbit
  5417 | D:7      | Reached * piety under Okawaru
  5417 | D:7      | Reached skill level 7 in Long Blades
  5742 | D:8      | Reached skill level 8 in Long Blades
  5849 | D:8      | Noticed Joseph
  6008 | D:8      | Noticed Grum
  6069 | D:7      | Reached skill level 9 in Long Blades
  6260 | D:8      | Killed Grum
  6281 | D:8      | Reached ** piety under Okawaru
  6750 | D:8      | Killed Joseph
  6750 | D:8      | Reached XP level 10. HP: 45/64 MP: 8/19
  6805 | D:8      | Noticed Erica
  6821 | D:8      | Killed Erica
  6821 | D:8      | Reached skill level 1 in Fighting
  6821 | D:8      | Reached skill level 1 in Armour
  6911 | D:8      | Reached *** piety under Okawaru
  7252 | D:9      | Reached skill level 10 in Long Blades
  7428 | D:9      | Noticed Erolcha
  7443 | D:9      | Killed Erolcha
  7443 | D:9      | Reached **** piety under Okawaru
  7998 | D:10     | Entered Level 10 of the Dungeon
  8029 | D:10     | Noticed a hill giant
  8335 | D:10     | Noticed an orc sorcerer
  8336 | D:10     | Found a staircase to the Orcish Mines.
  8340 | D:10     | Noticed a hill giant
  8344 | D:10     | Killed an orc sorcerer
  8344 | D:10     | Reached skill level 1 in Shields
  8357 | D:10     | Killed a hill giant
  8357 | D:10     | Reached XP level 11. HP: 59/77 MP: 9/20
  8377 | D:10     | Got a translucent rapier {pain}
  8388 | D:10     | Killed a hill giant
  8393 | D:10     | Reached ***** piety under Okawaru
  8414 | D:10     | Noticed Josephine
  8616 | D:9      | Killed Josephine
  8864 | D:10     | Reached skill level 11 in Long Blades
  9148 | D:10     | Reached skill level 5 in Fighting
  9192 | D:10     | Identified the +7 rapier "Beton" {pain, MP+9 Stlth+} (You took it off an orc on level 10 of the Dungeon)
  9877 | D:11     | Received a gift from Okawaru
  9898 | D:11     | Noticed a hill giant
  9923 | D:11     | Killed a hill giant
 10026 | D:11     | Learned a level 5 spell: Dispel Undead
 10044 | D:11     | Learned a level 5 spell: Bolt of Draining
 10058 | D:11     | Reached XP level 12. HP: 83/87 MP: 21/21
 10270 | D:11     | Found a staircase to the Lair.
 10473 | D:11     | Reached skill level 5 in Dodging
 11033 | D:11     | Noticed a vault guard
 11055 | D:11     | Killed a vault guard
 11059 | D:11     | Found a portal to a secret trove of treasure.
 11317 | Lair:1   | Entered Level 1 of the Lair of Beasts
 11487 | D:4      | Bought a pair of embroidered gloves for 99 gold pieces
 11487 | D:4      | Bought a silken robe for 125 gold pieces
 11487 | D:4      | Bought a crude ring mail for 198 gold pieces
 11487 | D:4      | Bought an ichor-stained ring mail for 198 gold pieces
 11497 | D:4      | Identified the +2 robe "Kovup" {rElec} (You bought it in a shop on level 4 of the Dungeon)
 11507 | D:4      | Identified the +5 ring mail of Lexyuppu {MR+} (You bought it in a shop on level 4 of the Dungeon)
 11517 | D:4      | Identified the +7 ring mail of Uxudwa {Str+3 Int+2 Stlth+} (You bought it in a shop on level 4 of the Dungeon)
 11856 | Lair:1   | Noticed Fannar
 11871 | Lair:1   | Killed Fannar
 12293 | Lair:2   | Found a frozen archway.
 12309 | Lair:2   | Reached skill level 5 in Armour
 12309 | Lair:2   | Reached skill level 1 in Conjurations
 12319 | IceCv    | Entered an ice cave
 12375 | IceCv    | Reached ****** piety under Okawaru
 12378 | IceCv    | Received a gift from Okawaru
 12686 | IceCv    | Reached skill level 12 in Long Blades
 12917 | IceCv    | Noticed a frost giant
 13150 | IceCv    | Killed a frost giant
 13150 | IceCv    | Gained mutation: You are in touch with the powers of death. [Mummy growth]
 13150 | IceCv    | Reached XP level 13. HP: 46/95 MP: 3/23
 14082 | Lair:2   | Reached skill level 1 in Invocations
 14681 | Lair:3   | Received a gift from Okawaru
 14913 | Lair:3   | Received a gift from Okawaru
 15013 | Lair:3   | Found a hole to the Spider Nest.
 15442 | Lair:3   | Found a runed door.
 16060 | Lair:3   | Got a heavily runed scale mail
 16071 | Lair:3   | Identified the +3 scale mail "Leazeti" {Dex+5} (You found it on level 3 of the Lair of Beasts)
 16177 | Lair:4   | Reached skill level 5 in Shields
 16259 | Lair:4   | Got a crystal spear
 16260 | Lair:4   | Identified the +6 spear "Soacrix" {elec, +Rage rElec Str+3} (You found it on level 4 of the Lair of Beasts)
 16311 | Lair:4   | Noticed Nergalle
 16334 | Lair:4   | Killed Nergalle
 16673 | Lair:4   | Received a gift from Okawaru
 16958 | Lair:4   | Found a staircase to the Shoals.
 17562 | Lair:5   | Noticed Nessos
 17576 | Lair:5   | Killed Nessos
 17667 | Lair:5   | Reached XP level 14. HP: 68/103 MP: 21/25
 17817 | Lair:5   | Received a gift from Okawaru
 17976 | Lair:5   | Found a viscous altar of Jiyva.
 17977 | Lair:5   | Found a staircase to the Slime Pits.
 18292 | Lair:6   | Entered Level 6 of the Lair of Beasts
 18530 | Lair:6   | Got a distressingly furry ring mail
 18541 | Lair:6   | Identified the +5 ring mail of the Grue {rElec rPois rC+} (You found it on level 6 of the Lair of Beasts)
 18707 | Lair:6   | Reached skill level 13 in Long Blades
 18820 | Lair:6   | Identified a +0 rod of inaccuracy (11/11) (You found it on level 5 of the Lair of Beasts)
 18830 | Lair:6   | Learned a level 7 spell: Haunt
 18897 | Lair:6   | Received a gift from Okawaru
 18909 | Lair:6   | Got a coiled platinum amulet
 19667 | Orc:1    | Entered Level 1 of the Orcish Mines
 19737 | Orc:1    | Found a burning altar of Makhleb.
 20172 | Orc:2    | Entered Level 2 of the Orcish Mines
 20192 | Orc:1    | Noticed an orc warlord
 20201 | Orc:2    | Received a gift from Okawaru
 20270 | Orc:2    | Slain by a sun demon

Vault maps used:
D:1:      kilobyte_arrival_exit_the_forest
D:2:      grunt_gozag_breadcrumbs, yredelemnul_altar_generic, grunt_decor_cap
D:4:      bloody_trog, gammafunk_temple_overflow_wave, serial_shops, shop,
          first_bread
D:6:      lemuel_crystal_altar, lemuel_crystal_altar, abandoned_shop,
          minmay_misc_feat_x
D:7:      grunt_ogre_cave, uniq_prince_ribbit1
D:8:      uniq_erica, uniq_grum, uniq_joseph
D:9:      uniq_erolcha
D:10:     david_orc_3, serial_bayou_pond_a, uniq_josephine
D:11:     regret_index_bee_streams, minmay_lair_entry_lava, enter_trove_5
Temple:   jpeg_temple_clearing
Lair:1:   uniq_fannar
Lair:2:   portal_ice_cave_demonic_guard
Lair:3:   gammafunk_lair_enchanted_lake, spider_nest_entry_a,
          infiniplex_staircase_pool_2, serial_bayou_shore_b
Lair:4:   minmay_guarded_unrand_snakebite, minmay_shoals_entry_hut,
          st_stairs_11, infiniplex_staircase_pool, uniq_nergalle
Lair:5:   dpeg_slime_entry_enclosed_altar, grunt_forest_large_clearings,
          grunt_megastairs_4, lemuel_fruit_fields, lemuel_fruit_fields,
          uniq_nessos
Lair:6:   minmay_lair_end_enchanted_forest
Orc:1:    lemuel_statue_altar
Orc:2:    grunt_orc_tribal_feast, basic_altar
IceCv:    ice_cave_caverns_03

Skill      XL: |  1  2  3  4  5  6  7  8  9 10 11 12 13 14 |
---------------+-------------------------------------------+-----
Spellcasting   | 3 4 5 6 7 |  7.9
Long Blades    | 1 2 3 4 6 9 10 11 12 13 | 13.2
Necromancy     | 5 6 7 8 9 |  9.3
Fighting       | 4 5 6 7 8 |  8.0
Armour         | 3 4 5 6 |  6.4
Dodging        | 3 4 5 6 |  6.9
Shields        | 1 3 4 5 |  5.8
Conjurations   | 2 3 4 |  4.0
Stealth        | 2 3 4 |  4.2
Invocations    | 2 3 |  3.5

Action                   |  1- 3 |  4- 6 |  7- 9 | 10-12 | 13-15 || total
-------------------------+-------+-------+-------+-------+-------++-------
Melee: Unarmed           |     7 |       |       |       |       ||     7
       Short sword       |    11 |       |       |       |       ||    11
       Long sword        |    32 |    80 |   507 |    10 |       ||   629
       Scimitar          |       |       |       |  1166 |  1061 ||  2227
       Whip              |       |       |       |       |     3 ||     3
       Demon blade       |       |       |       |       |   322 ||   322
 Cast: Pain              |    61 |    95 |   115 |    13 |       ||   284
       Vampiric Draining |       |     4 |    42 |    89 |    73 ||   208
Invok: Heroism           |       |       |     3 |    10 |     3 ||    16
       Finesse           |       |       |       |     1 |       ||     1
Evoke: Wand              |       |       |       |       |     2 ||     2
  Use: Scroll            |       |     6 |     6 |     7 |     9 ||    28
 Stab: Sleeping          |     1 |     2 |       |     4 |    16 ||    23
       Distracted        |       |       |     1 |       |     1 ||     2
Armor: Robe              |    10 |    26 |    41 |       |       ||    77
       Leather armour    |       |       |    26 |   102 |       ||   128
       Ring mail         |       |       |       |    87 |   394 ||   481
Dodge: Dodged            |    51 |    66 |   392 |   871 |   815 ||  2195
Block: Buckler           |       |       |       |   188 |   284 ||   472
